 Dungeon Crawl Stone Soup version 0.27-a0-291-gd9602db6ee (webtiles) character file.

Game seed: 10953635811520846635

25947 KristoblXynda the Cleaver (level 12, -13/84 HPs)
             Began as a Demonspawn Berserker on Feb 9, 2021.
             Was a High Priest of Trog.
             Mangled by Regoshi's ghost (16 damage)
             ... on level 13 of the Dungeon.
             The game lasted 00:28:52 (23062 turns).

KristoblXynda the Cleaver (Demonspawn Berserker)   Turns: 23062, Time: 00:28:52

Health: -13/84     AC: 22    Str: 21    XL:     12   Next: 94%
Magic:  0/12       EV: 12    Int: 16    God:    Trog [*****.]
Gold:   871        SH:  8    Dex: 11    Spells: 11/11 levels left

rFire    . . .     SeeInvis .   G - +2 battleaxe (elec)
rCold    . . .     Faith    .   (shield currently unavailable)
rNeg     . . .     Spirit   +   H - +0 chain mail
rPois    +         Reflect  .   j - +2 hat
rElec    .         Harm     .   A - +2 cloak {rPois}
rCorr    .         Rampage  .   C - +2 pair of gloves
Will     .....                  K - +0 pair of boots
Stlth    ..........             E - amulet of guardian spirit
HPRegen  0.24/turn              J - +6 ring of intelligence
MPRegen  0.26/turn              z - ring of poison resistance

@: mighty, berserk cooldown, slowed, very slow
A: claws 2, large bone plates 3, clumsy 1, foul stench 2, magic regeneration
a: Renounce Religion, Berserk, Trog's Hand, Brothers in Arms


You were on level 13 of the Dungeon.
You worshipped Trog.
Trog was extremely pleased with you.
You visited 2 branches of the dungeon, and saw 14 of its levels.

You collected 871 gold pieces.

Inventory:

Hand Weapons
 x - a +3 whip of freezing
 G - a +2 battleaxe of electrocution (weapon)
Missiles
 u - 6 throwing nets
Armour
 j - a +2 hat (worn)
 q - a scarf of invisibility
 s - a +0 kite shield
 A - a +2 cloak of poison resistance (worn)
 C - a +2 pair of gloves (worn)
 H - a +0 chain mail (worn)
 K - a +0 pair of boots (worn)
Jewellery
 y - an uncursed ring of wizardry
 z - a ring of poison resistance (right hand)
 E - an amulet of guardian spirit (around neck)
 J - a +6 ring of intelligence (left hand)
Wands
 f - a wand of acid (6)
 v - a wand of iceblast (5)
 B - a wand of paralysis (3)
Scrolls
 b - 5 scrolls of remove curse
 g - 5 scrolls of blinking
 h - 3 scrolls of fog
 k - 2 scrolls of magic mapping
 p - 3 scrolls of amnesia
 r - a scroll of enchant armour
 D - 5 scrolls of enchant weapon
 F - 7 scrolls of teleportation
Potions
 a - a potion of mutation
 d - a potion of lignification
 i - a potion of berserk rage
 l - 5 potions of brilliance
 m - 2 potions of curing
 n - 2 potions of haste
 o - 4 potions of attraction
 t - 3 potions of flight


   Skills:
 + Level 4.3 Fighting
 + Level 11.2 Axes
 + Level 10.3 Armour
 - Level 10.0 Dodging
 + Level 10.2 Evocations


You had 11 spell levels left.
You didn't know any spells.
Your spell library contained the following spells:

 Spells                   Type           Power        Failure   Level
 Magic Dart               Conj           0%           85%         1
 Sandblast                Erth           0%           85%         1
 Passwall                 Tmut/Erth      0%           94%         2
 Searing Ray              Conj           0%           94%         2
 Dazzling Flash           Conj/Hex       0%           99%         3
 Stone Arrow              Conj/Erth      0%           99%         3
 Fulminant Prism          Conj/Hex       0%           100%        4
 Iskenderun's Mystic Bla  Conj/Tloc      0%           100%        4
 Petrify                  Tmut/Erth      0%           100%        4
 Lee's Rapid Deconstruct  Erth           0%           100%        5


Dungeon Overview and Level Annotations

Branches:
Dungeon (13/15)            Temple (1/1) D:4            Lair (0/6) D:9
    Orc (0/2) D:12
 Vaults: D:13-14

Altars:
Ashenzari
Cheibriados
Dithmenos
Elyvilon
Fedhas
Gozag
Hepliaklqana
Kikubaaqudgha
Makhleb
Nemelex Xobeh
Okawaru
Qazlal
Ru
Sif Muna
Trog
Uskayaw
Vehumet
Wu Jian
Xom
Yredelemnul
Zin
The Shining One

Shops:
D:10 :

Annotations:
D:12 2 runed translucent doors
D:13 Regoshi's ghost, journeyman BaHu


Innate Abilities, Weirdness & Mutations

You have very sharp fingernails.
You are completely covered in large bone plates. (SH +8)
You sometimes emit foul miasma when damaged in melee.
You regenerate magic rapidly.
You are clumsy. (Dex -2)


Message History

The orange demon stings you but does no damage.
Regoshi's ghost hits you but does no damage.
Unknown command.
Unknown command.
That's the wrong kind of item! (Use * to select it.) Evoke which item? (* to show all) (? for menu, Esc to quit)
Evoke which item? (* to show all) (? for menu, Esc to quit)
Evoke which item? (* to show all) (? for menu, Esc to quit)
Evoke which item? (* to show all) (? for menu, Esc to quit)
Okay, then.
Aiming: Paralyse
Press: ? - help, Shift-Dir - straight line, f - Regoshi's ghost, p - kobold demonologist
Aim: Regoshi's ghost (foul pestilence, lightly damaged, covered in acid, chance to affect: 18%) Regoshi's ghost resists with almost no effort.
The kobold brigand is engulfed in dark miasma.
The kobold brigand hits you but does no damage.
You are electrocuted!
* * * LOW HITPOINT WARNING * * *
You block the orange demon's attack. Regoshi's ghost hits you!
You die...

#........# #.# #.# ########.#
#.# #.# #># #.# #.# #.# #.# #.#
#########.########### #.# #.#
..........##........# #.# #.#
############.######.# #.# #.#
.### #.# ####.# #.# #.# ...#
#####@KK5#####.####.# .#.#
##.8.##W#K...........# ##.#
#...KK#4K5....#.###### ##.#
#).###KKK..5.#<#.# ##.#
#......K)....#.#.## ##.##
###).###.'.....#....####
....####.##.....#....##.###...#
#......)..##.8.##....##.# #...#
#...####.#.#####..##.##.###...#


You could see an orange demon (summoned), 3 kobold demonologists, 7 kobold
brigands, Regoshi's ghost (corroded), 2 crimson imps and an ufetubus (summoned).

Vanquished Creatures
  Josephine (D:13)
  A hydra (D:11)
  2 catoblepae (D:12)
  Harold (D:7)
  3 boulder beetles
  2 two-headed ogres
  The ghost of mokwee the Tainter, a journeyman OpVM of Sif Muna (D:10)
  Pikel (D:7)
  A deep elf pyromancer (D:13)
  An ugly thing (D:12)
  A cyclops (D:12)
  A manticore (D:12)
  2 gargoyles
  A centaur skeleton (D:12)
  A kobold demonologist (D:13)
  5 komodo dragons
  2 trolls
  A polar bear (D:10)
  2 shadows
  2 wyverns
  3 wraiths (D:13)
  2 spriggans (D:10)
  3 basilisks (D:9)
  11 yaks
  3 vampire mosquitoes (D:11)
  A steam dragon (D:9)
  Menkaure (D:7)
  Edmund (D:4)
  A soldier ant (D:13)
  A water moccasin (D:9)
  Duvessa (D:6)
  3 black bears
  A hornet zombie (D:10)
  7 ice beasts
  A sky beast (D:9)
  6 orc warriors
  An eye of draining (D:10)
  An ogre (shapeshifter) (D:13)
  10 ogres
  18 centaurs
  A phantom (D:9)
  A lemure (D:7)
  3 kobold brigands
  Blork the orc (D:4)
  11 bullfrogs
  A wyvern zombie (D:11)
  Dowan (D:6)
  A wyvern skeleton (D:13)
  2 scorpions
  3 killer bees (D:10)
  9 wights
  A howler monkey (D:5)
  5 hounds
  A quasit (D:7)
  2 bullfrog zombies
  5 centaur zombies
  7 jellies
  Crazy Yiuf (D:6)
  5 orc priests
  6 bullfrog skeletons
  5 iguanas
  8 orc wizards
  13 worker ants
  A hound zombie (D:11)
  A worker ant zombie (D:5)
  A howler monkey skeleton (D:6)
  17 adders
  7 gnolls
  5 shadow imps
  3 white imps
  3 ufetubi
  7 oozes
  2 adder zombies
  A worm (D:2)
  2 dart slugs
  2 leopard geckos
  32 orcs
  4 giant cockroaches
  12 goblins
  7 hobgoblins
  10 jackals
  17 kobolds
  4 quokkas
  13 bats
  7 frilled lizards
  7 rats
366 creatures vanquished.

Vanquished Creatures (others)
  A manticore (D:12)
  3 fungi (D:13)
  6 plants
10 creatures vanquished.

Grand Total: 376 creatures vanquished

Notes
Turn   | Place    | Note
-------+----------+-------------------------------------------
     0 | D:1      | KristoblXynda the Demonspawn Berserker began the quest for
                  | the Orb.
     0 | D:1      | Reached XP level 1. HP: 18/18 MP: 1/1
   281 | D:1      | Reached skill level 3 in Axes
   282 | D:1      | Gained mutation: You may rarely emit foul miasma when
                  | damaged in melee. [demonic ancestry]
   282 | D:1      | Reached XP level 2. HP: 24/24 MP: 2/2
   607 | D:1      | Gained mutation: You regenerate magic rapidly. [demonic
                  | ancestry]
   607 | D:1      | Reached XP level 3. HP: 29/29 MP: 3/3
  1488 | D:2      | Reached ** piety under Trog
  1723 | D:2      | Found a hide-covered altar of Uskayaw.
  1723 | D:2      | Found a broken altar of Ashenzari.
  1725 | D:2      | Found an opulent altar of Gozag.
  1838 | D:2      | Found a shimmering altar of Xom.
  2029 | D:2      | Gained mutation: You are partially covered in large bone
                  | plates. (SH +4) [demonic ancestry]
  2029 | D:2      | Reached XP level 4. HP: 25/35 MP: 4/4
  2617 | D:2      | Found a shadowy altar of Dithmenos.
  2747 | D:2      | Reached skill level 4 in Axes
  2770 | D:2      | Gained mutation: You have sharp fingernails. [demonic
                  | ancestry]
  2770 | D:2      | Reached XP level 5. HP: 21/41 MP: 5/5
  3024 | D:2      | Found a glowing golden altar of the Shining One.
  4128 | D:4      | Noticed an ice beast
  4129 | D:4      | Noticed Edmund
  4141 | D:4      | Killed Edmund
  4142 | D:4      | Gained mutation: You are mostly covered in large bone
                  | plates. (SH +6) [demonic ancestry]
  4142 | D:4      | Reached XP level 6. HP: 47/47 MP: 6/6
  4142 | D:4      | Killed an ice beast
  4143 | D:4      | Reached skill level 5 in Axes
  4225 | D:4      | Found a staircase to the Ecumenical Temple.
  4348 | Temple   | Entered the Ecumenical Temple
  4446 | D:4      | Gained mutation: You sometimes emit foul miasma when
                  | damaged in melee. [demonic ancestry]
  4446 | D:4      | Reached XP level 7. HP: 48/52 MP: 7/7
  4791 | D:4      | Noticed Blork the orc
  4813 | D:4      | Killed Blork the orc
  5058 | D:5      | Entered Level 5 of the Dungeon
  5201 | D:5      | Reached *** piety under Trog
  5314 | D:5      | Reached skill level 6 in Axes
  6088 | D:5      | Reached skill level 1 in Evocations
  6155 | D:5      | Found a basalt altar of Yredelemnul.
  6357 | D:5      | Reached XP level 8. HP: 56/58 MP: 8/8
  6496 | D:5      | Found a sacrificial altar of Ru.
  7623 | D:6      | Reached skill level 5 in Armour
  7623 | D:6      | Reached skill level 5 in Dodging
  7688 | D:6      | Noticed Dowan
  7690 | D:6      | Noticed Duvessa
  7703 | D:6      | Killed Duvessa
  7728 | D:6      | Killed Dowan
  7729 | D:6      | Reached skill level 7 in Axes
  8223 | D:6      | Reached **** piety under Trog
  8476 | D:6      | Found a runed translucent door.
  8477 | D:6      | Noticed Crazy Yiuf
  8484 | D:6      | Killed Crazy Yiuf
  9168 | D:7      | Got a spiked leather armour
  9179 | D:7      | Identified the +1 leather armour of Activism {rN+} (You
                  | found it on level 7 of the Dungeon)
  9300 | D:7      | Noticed Menkaure
  9310 | D:7      | Reached XP level 9. HP: 15/63 MP: 9/9
  9310 | D:7      | HP: 1/94 [Menkaure (14)]
  9312 | D:7      | Killed Menkaure
 10045 | D:7      | Noticed Harold
 10064 | D:7      | Killed Harold
 10480 | D:7      | Noticed Pikel
 10501 | D:7      | Killed Pikel
 10502 | D:7      | Reached skill level 8 in Axes
 10502 | D:7      | Reached skill level 5 in Evocations
 11156 | D:8      | Found a bloodstained altar of Trog.
 11822 | D:8      | Gained mutation: You have very sharp fingernails. [demonic
                  | ancestry]
 11822 | D:8      | Reached XP level 10. HP: 43/70 MP: 10/10
 12261 | D:8      | Found a shadowy altar of Dithmenos.
 13385 | D:9      | Reached skill level 9 in Axes
 13860 | D:9      | Found a blossoming altar of Fedhas.
 14611 | D:9      | Gained mutation: You are completely covered in large bone
                  | plates. (SH +8) [demonic ancestry]
 14611 | D:9      | Reached XP level 11. HP: 75/75 MP: 9/11
 14671 | D:9      | Found a staircase to the Lair.
 15097 | D:10     | Entered Level 10 of the Dungeon
 15134 | D:10     | Found Tashoheosi's Book Shop.
 16398 | D:10     | Found a runed translucent door.
 16401 | D:10     | Identified the +6 spear of Classification {drain, rN++
                  | Str+2 Int-4 Dex+2}
 16401 | D:10     | Noticed mokwee's ghost (journeyman OpVM)
 17013 | D:10     | Found a glowing golden altar of the Shining One.
 17175 | D:10     | Killed mokwee's ghost
 17176 | D:10     | Reached skill level 10 in Axes
 17574 | D:11     | Noticed a two-headed ogre
 17583 | D:11     | Killed a two-headed ogre
 18530 | D:11     | Noticed an eight-headed hydra
 18541 | D:11     | Killed an eight-headed hydra
 18639 | D:11     | Reached XP level 12. HP: 73/81 MP: 12/12
 19442 | D:12     | Noticed a two-headed ogre
 19442 | D:12     | Noticed a boulder beetle
 19442 | D:12     | Noticed a boulder beetle
 19454 | D:12     | Killed a boulder beetle
 19459 | D:12     | Killed a two-headed ogre
 19475 | D:12     | Killed a boulder beetle
 19589 | D:12     | Found a staircase to the Orcish Mines.
 19815 | D:12     | Reached ***** piety under Trog
 19846 | D:12     | Noticed a catoblepas
 20026 | D:12     | Noticed an ice dragon
 20027 | D:12     | Noticed a fire dragon
 20027 | D:12     | Noticed an ice dragon
 20028 | D:12     | Found the +2 shield of Resistance {rF++ rC++ Will++}
 20045 | D:12     | Found a runed translucent door.
 20048 | D:12     | Noticed a fire dragon
 20062 | D:12     | Found a runed translucent door.
 20450 | D:12     | Found a snail-covered altar of Cheibriados.
 20634 | D:12     | Noticed a catoblepas
 21014 | D:12     | Killed a catoblepas
 21019 | D:12     | Killed a catoblepas
 21025 | D:12     | Reached skill level 10 in Armour
 21025 | D:12     | Reached skill level 10 in Dodging
 21460 | D:13     | Reached skill level 11 in Axes
 21697 | D:13     | Noticed Josephine
 21707 | D:13     | Killed Josephine
 21709 | D:13     | Reached skill level 10 in Evocations
 22312 | D:13     | Received a gift from Trog
 22322 | D:13     | Noticed a boulder beetle
 22348 | D:13     | Killed a boulder beetle
 22915 | D:13     | Found a runed translucent gate.
 22915 | D:13     | Found a runed translucent gate.
 22916 | D:13     | Found a runed translucent gate.
 22916 | D:13     | Identified the +9 short sword of Bloody Death {venom,
                  | Int+2}
 22916 | D:13     | Noticed Regoshi's ghost (journeyman BaHu)
 22918 | D:13     | Identified the +7 dagger "Toecod" {elec, *Corrode rPois
                  | rF++ rC+}
 23053 | D:13     | Gained mutation: You are clumsy. (Dex -2) [a neqoxec]
 23062 | D:13     | HP: 3/84 [kobold brigand/the +7 dagger "Toecod" {elec,
                  | *Corrode rPois rF++ rC+} (10)]
 23062 | D:13     | Mangled by Regoshi's ghost

Illustrated notes

Levels and vault maps discovered:
D:1:      heliophobic_arrival_dark_side_of_the_moon, layout_basic
D:2:      layout_basic, general_overflow_altar,
          nicolae_overflow_quartered_altars, nicolae_dithmenos_shadow_blocks
D:3:      layout_basic
D:4:      layout_rooms, minmay_temple_entry_glass, serial_rivers,
          chequers_serial_rivers_large_b, chequers_serial_rivers_room_b,
          chequers_serial_rivers_micro_c, chequers_serial_rivers_small_3,
          chequers_serial_rivers_micro_b, uniq_blork_the_orc, uniq_edmund
D:5:      minmay_thinvault, layout_basic, lemuel_doored_altar, basic_altar
D:6:      layout_loops_ring, uniq_duvessa, uniq_crazy_yiuf_cottage
D:7:      layout_basic, glass_columns_a, uniq_menkaure, uniq_harold, uniq_pikel
D:8:      layout_rooms, bloody_trog, lemuel_round_altar,
          hangedman_little_slice_of_home
D:9:      layout_big_octagon, fedhas_ov_isle_minmay, erik_lair_dragon
D:10:     layout_irregular_city, ebering_ghost_funeral_grove, serial_shops,
          shop, nicolae_tso_swordbearing_angel
D:11:     layout_basic
D:12:     nzn_motion_control, layout_basic, orc_0_dummy, basic_altar,
          minmay_guarded_unrand_resistance
D:13:     layout_loops_ring, gammafunk_ghost_nasty_kobolds, uniq_josephine
Temple:   nicolae_temple_god_jail

Skill      XL: |  1  2  3  4  5  6  7  8  9 10 11 12 |
---------------+-------------------------------------+-----
Axes           | 3 4 5 6 7 8 9 10 11 | 11.2
Armour         | 2 3 4 5 6 8 9 10 | 10.3
Dodging        | 2 3 4 5 6 8 9 10 | 10.0
Evocations     | 1 3 5 7 8 10 | 10.2
Fighting       | 4 |  4.3

Action                   |  1- 3 |  4- 6 |  7- 9 | 10-12 || total
-------------------------+-------+-------+-------+-------++-------
Melee: Hand axe          |   126 |   157 |   624 |   277 ||  1184
       War axe           |       |       |       |   248 ||   248
       Battleaxe         |       |       |       |   385 ||   385
       Whip              |       |       |       |     6 ||     6
Invok: Berserk           |       |     2 |    14 |    17 ||    33
       Trog's Hand       |       |     1 |     1 |       ||     2
Evoke: Wand              |       |       |     1 |     7 ||     8
  Use: Scroll            |       |     4 |    10 |    12 ||    26
       Potion            |       |     1 |     1 |     4 ||     6
 Stab: Confused          |       |       |       |     3 ||     3
       Paralysed         |       |       |       |    18 ||    18
       Petrified         |       |       |       |     9 ||     9
Armor: Leather armour    |     9 |       |    32 |    73 ||   114
       Ring mail         |    53 |    68 |   159 |       ||   280
       Scale mail        |       |       |       |    80 ||    80
       Chain mail        |       |       |       |   236 ||   236
Dodge: Dodged            |    90 |    96 |   313 |   471 ||   970
Block: Other             |       |    26 |   122 |   328 ||   476

Table legend: (Time is in decaauts)
 A = Elapsed time spent in this place.
 B = Non-inter-level travel time spent in this place.
 C = Inter-level travel time spent in this place.
 D = Time resting spent in this place.
 E = Time spent auto-exploring this place.
 F = Levels seen in this place.
 G = Mean time per level.
                   A        B        C        D        E       F      G
               +--------+--------+--------+--------+--------+-----+--------+
         Total |  23434 |  22990 |    444 |   9121 |  10316 |  14 | 1673.9 |
       Dungeon |  23341 |  22909 |    432 |   9121 |  10242 |  13 | 1795.5 |
        Temple |     92 |     80 |     12 |      0 |     74 |   1 |   92.0 |
               +--------+--------+--------+--------+--------+-----+--------+

Top non-repeatable levels by time:
     D:7: 2456 daAuts
    D:10: 2453 daAuts
     D:9: 2309 daAuts
    D:11: 2257 daAuts
     D:2: 2081 daAuts
     D:5: 2049 daAuts
    D:12: 1776 daAuts
     D:6: 1673 daAuts
     D:8: 1660 daAuts
    D:13: 1642 daAuts
     D:1: 1243 daAuts
     D:4: 1023 daAuts
     D:3: 714 daAuts
  Temple: 92 daAuts
